Map: Coda LE

Players

llllllllllll - Winner!

  • Race: Zerg Zerg
  • Spawn Location: 5:00

Indy

  • Race: Protoss Protoss
  • Spawn Location: 11:00

Event: LycanGTV LotV Beta Tournament 1

VOD

Have the link to the VOD?

Description

Time

  • Played on: April 2, 2015, 12:24 p.m.
  • Length: 7:48
Show
View Real Time Build Order
Export as new Build Order

llllllllllll Zerg - Winner!

Build Orders: Hatch First 

Get SALT Encoding   

  12  0:01  Drone  
  13  0:13  Overlord  
  13  0:19  Drone  
  14  0:31  Drone x2  
  16  0:36  Drone  
  17  0:46  Drone  
  18  0:56  Hatchery  
  17  1:08  Spawning Pool  
  16  1:12  Drone  
  16  1:15  Drone  
  18  1:19  Drone  
  18  1:21  Extractor  
  18  1:31  Drone  
  19  1:43  Overlord  
  19  1:52  Drone  
  20  1:55  Queen  
  22  2:02  Drone  
  22  2:07  Queen  
  22  2:08  Drone  
  26  2:14  Zergling x2  
  27  2:22  Drone  
  28  2:26  Metabolic Boost  
  28  2:29  Drone  
  29  2:30  Drone, Queen  
  29  2:35  Overlord  
  32  2:40  Zergling x2  
  33  2:53  Zergling x2  
  33  2:56  Drone  
  33  2:57  Drone  
  36  3:00  Spore Crawler  
  36  3:02  Drone  
  36  3:03  Drone x4  
  40  3:11  Drone  
  42  3:14  Drone  
  42  3:16  Drone  
  44  3:20  Lair  
  44  3:21  Extractor  
  44  3:24  Drone, Overlord  
  44  3:26  Extractor  
  43  3:35  Spore Crawler, Drone x2  
  43  3:37  Spore Crawler  
  41  3:44  Drone x6  
  41  3:45  Drone  
  48  3:49  Drone x3  
  51  3:58  Roach Warren  
  51  3:59  Drone x2  
  52  4:10  Overlord  
  52  4:12  Extractor  
  52  4:13  Drone  
  52  4:22  Hatchery  
  52  4:24  Drone  
  52  4:28  Drone x2  
  52  4:29  Drone x4  
  58  4:32  Overlord  
  58  4:45  Overlord x2  
  58  4:46  Glial Reconstitution  
  58  4:51  Spire  
  57  4:54  Roach  
  58  5:06  Roach  
  70  5:07  Roach x5  
  70  5:19  Drone  
  70  5:20  Drone x4  
  75  5:25  Drone x2  
  75  5:26  Overlord x2  
  77  5:29  Ravager x3  
  77  5:30  Ravager x2  
  77  5:33  Ravager x2  
  77  5:34  Extractor  
  83  5:36  Extractor  
  83  5:38  Overlord  
  83  5:39  Drone x2  
  83  5:40  Drone  
  83  5:41  Drone  
  86  5:43  Drone  
  86  5:44  Drone  
  86  5:48  Spore Crawler  
  87  5:58  Drone x8  
  94  6:06  Mutalisk  
  94  6:07  Mutalisk x2  
  91  6:18  Mutalisk  
  91  6:19  Mutalisk x2  
  91  6:20  Drone  
  91  6:21  Drone x4  
  100  6:30  Mutalisk x2  
  101  6:43  Hatchery  
  97  6:47  Mutalisk  
  97  6:48  Mutalisk x2  
  97  6:49  Drone  
  97  6:50  Drone x2  
  106  7:08  Mutalisk x2  
  108  7:10  Extractor  
  108  7:12  Mutalisk  
  108  7:14  Overlord x3, Extractor  
  108  7:15  Overlord  
  108  7:22  Mutalisk x2  
  108  7:35  Drone x8  
Show
View Real Time Build Order
Export as new Build Order

Indy Protoss 

Build Orders: Adept Opening, Oracle Opening 

Get SALT Encoding   

  12  0:01  Probe  
  13  0:14  Pylon  
  13  0:17  Probe  
  14  0:32  Probe (Chrono Boost)  
  14  0:34  Gateway  
  15  0:42  Probe (Chrono Boost)  
  16  0:49  Probe, Assimilator  
  17  0:53  Assimilator  
  17  1:01  Probe (Chrono Boost)  
  19  1:12  Probe (Chrono Boost)  
  19  1:18  Probe  
  19  1:21  Cybernetics Core  
  20  1:27  Pylon  
  20  1:31  Probe  
  21  1:43  Probe  
  24  1:55  Probe  
  24  1:58  Stargate  
  24  1:59  Adept (Chrono Boost)  
  25  2:07  Probe  
  26  2:17  Warp Gate (Chrono Boost)  
  26  2:19  Probe  
  27  2:36  Nexus  
  27  2:41  Oracle (Chrono Boost)  
  30  3:14  Pylon  
  30  3:17  Pylon  
  30  3:32  Probe, Oracle, Robotics Facility  
  34  3:43  Forge  
  34  3:44  Probe (Chrono Boost)  
  36  3:57  Probe (Chrono Boost)  
  36  3:59  Probe (Chrono Boost)  
  37  4:05  Probe (Chrono Boost)  
  37  4:09  Pylon  
  38  4:10  Probe  
  38  4:16  Probe  
  40  4:23  Robotics Bay, Warp Prism  
  42  4:26  Probe (Chrono Boost)  
  42  4:28  Probe (Chrono Boost)  
  42  4:29  Pylon  
  42  4:31  Assimilator  
  44  4:33  Assimilator  
  44  4:37  Probe (Chrono Boost), Protoss Ground Weapons Level 1  
  45  4:40  Probe (Chrono Boost)  
  47  4:46  Probe (Chrono Boost)  
  47  4:49  Probe (Chrono Boost)  
  48  4:58  Mothership Core (Chrono Boost)  
  48  4:59  Probe (Chrono Boost)  
  52  5:07  Probe  
  52  5:09  Observer (Chrono Boost)  
  52  5:10  Gravitic Drive  
  52  5:11  Gateway  
  50  5:15  Gateway, Probe  
  50  5:18  Gateway  
  50  5:20  Probe  
  56  5:29  Probe  
  56  5:32  Probe, Disruptor (Chrono Boost)  
  58  5:37  Disruptor  
  58  5:38  Pylon  
  58  5:41  Probe  
  59  5:44  Probe  
  60  5:55  Probe  
  60  5:56  Probe  
  68  6:08  Probe x2  
  68  6:09  Disruptor  
  70  6:24  Probe x2, Zealot  
  74  6:31  Robotics Facility  
  68  6:39  Probe x2, Pylon  
  70  6:40  Pylon  
  70  6:48  Phoenix (Chrono Boost)  
  70  6:49  Stalker  
  70  6:50  Stalker  
  70  6:53  Disruptor  
  76  6:57  Photon Cannon  
  76  7:01  Pylon  
  76  7:05  Probe x2  
  76  7:07  Stalker  
  77  7:09  Phoenix (Chrono Boost)  
  75  7:15  Stalker  
  75  7:16  Stalker x2  
  73  7:33  Stalker  
  68  7:44  Stalker x2  
  68  7:45  Stalker  

Tags
 
Add a new tag
Caveats
  • Supply blocks, unpowered buildings, or Contaminate may cause inaccurate times.
  • Supply counts are checked every 10 seconds.